[Event "22nd Hoogeveen Open 2018"]
[Site "Hoogeveen"]
[Date "2018.10.23"]
[Round "5"]
[White "Thrish Karthik"]
[Black "Colijn, Stefan"]
[Result "0-1"]
[ECO "B01"]
[WhiteElo "2116"]
[BlackElo "2340"]
[Annotator "NA"]
[PlyCount "124"]
[EventDate "2018.10.20"]
[EventType "swiss"]
[EventCountry "NED"]
[SourceTitle "playchess.com"]
[Source "ChessBase"]
[SourceQuality "1"]
[TimeControl "40/5400+30:1800+30"]

1. e4 d5 2. exd5 Qxd5 3. Nc3 Qa5 4. d4 c6 5. Nf3 Bg4 6. h3 Bh5 {[%emt 0:09:28] LiveBook: 11 Games [#]} 7. Be2 {[%emt 0:10:03] B01: Scandinavian Defence} ({Better is} 7. g4 $1 $16 Bg6 8. h4 (8. Ne5 Nf6 9. Nc4 Qc7 10. Qf3 e6 11. Bf4 Qd8 12. O-O-O Bb4 13. a3 Be7 14. Ne5 Nd5 15. Nxd5 exd5 16. Nxg6 hxg6 {1-0 (32) Fedorchuk,S (2599)-Vass,F (2352) Warsaw 2006})) 7... Nf6 8. Ne5 Bg6 9. O-O e6 10. Bf4 Be7 11. a3 $146 ({Predecessor:} 11. Nxg6 hxg6 12. Bf3 Nbd7 13. Re1 a6 14. Ne4 Nxe4 15. Rxe4 Qd8 16. c4 {1-0 (64) Cavadini,N-Rickenbach,J Mendrisio 1989}) 11... O-O 12. Nxg6 hxg6 13. Qd3 Rd8 14. Qg3 Nh5 15. Bxh5 Qxh5 16. Rad1 Qf5 17. Bc7 Rc8 18. Bxb8 Raxb8 19. Qd3 Rd8 $11 20. Qxf5 gxf5 21. Ne2 Rd7 22. b4 Rbd8 23. Rd3 g6 24. Rfd1 Bf6 25. f4 Kf8 26. g3 a5 27. b5 cxb5 28. Rb3 Bxd4+ 29. Rxd4 Rxd4 30. Nxd4 Rxd4 31. Rxb5 Ra4 32. Rb3 Rc4 33. Rxb7 Rxc2 34. Rb5 Rc3 35. Rxa5 Rxg3+ 36. Kh2 Rf3 37. Ra4 Ke7 38. Kg2 Re3 39. Ra7+ Kf6 40. a4 Re4 41. Kf3 g5 42. fxg5+ Kxg5 43. a5 Ra4 44. a6 Ra3+ 45. Kg2 Ra2+ 46. Kf3 e5 47. h4+ Kxh4 48. Rxf7 Ra3+ 49. Ke2 Kg4 50. a7 e4 51. Rh7 Kf4 52. Rh4+ Ke5 53. Rh7 Ra2+ 54. Kf1 f4 55. Rf7 e3 56. Re7+ Kf5 57. Kg1 Kg4 58. Rg7+ Kf3 59. Re7 Ra1+ 60. Kh2 Kf2 61. Rg7 f3 62. Rg1 Rxa7 0-1

[Event "22nd Hoogeveen Open 2018"]
[Site "Hoogeveen"]
[Date "2018.10.23"]
[Round "5"]
[White "Hilwerda, Jonas"]
[Black "Kokje, Joris"]
[Result "1/2-1/2"]
[ECO "B56"]
[WhiteElo "2109"]
[BlackElo "2232"]
[Annotator "NA"]
[PlyCount "102"]
[EventDate "2018.10.20"]
[EventType "swiss"]
[EventCountry "NED"]
[SourceTitle "playchess.com"]
[Source "ChessBase"]
[SourceQuality "1"]
[TimeControl "40/5400+30:1800+30"]

1. e4 c5 2. Nf3 d6 3. d4 cxd4 4. Nxd4 Nf6 5. Nc3 a6 6. Nb3 Nc6 7. Be3 {[%emt 0:00:54] B56: Sizilianisch (Abweichung von Sozin- und Richter/Rauser-Variante)} Ng4 $146 8. Bd2 {[%emt 0:00:22] LiveBook: 14 Games} h5 9. Be2 b5 10. a4 b4 11. Nd5 e6 12. Bxg4 hxg4 13. Nxb4 Nxb4 14. Bxb4 Qb6 15. Bc3 g3 16. fxg3 Rxh2 17. Rxh2 Qg1+ 18. Kd2 Qxh2 19. Qf3 Qh6+ 20. Ke2 Qg6 21. Na5 $11 Bd7 22. Rh1 Bxa4 23. b3 Bd7 24. Kd1 Rc8 25. Kc1 d5 26. exd5 Qg5+ 27. Kb2 Qxd5 28. Qxd5 exd5 29. Rh8 f6 30. Bb4 Kf7 31. Rxf8+ Rxf8 32. Bxf8 Kxf8 33. Kc3 Ke7 34. Kd4 Kd6 35. Nb7+ Kc6 36. Nc5 Bc8 37. Nd3 a5 38. Nf4 Bf5 39. Kc3 g6 40. g4 Be4 41. g3 d4+ 42. Kxd4 Bxc2 43. Kc3 Bb1 44. b4 axb4+ 45. Kxb4 Kd6 46. g5 fxg5 47. Nh3 Ke5 48. Nxg5 Kf5 49. Nf3 Kg4 50. Ne5+ Kxg3 51. Nxg6 Bxg6 1/2-1/2

[Event "22nd Hoogeveen Open 2018"]
[Site "Hoogeveen"]
[Date "2018.10.23"]
[Round "5"]
[White "De Boer, Bas"]
[Black "Murray, David"]
[Result "1/2-1/2"]
[ECO "A57"]
[WhiteElo "2102"]
[BlackElo "2222"]
[Annotator "NA"]
[PlyCount "53"]
[EventDate "2018.10.20"]
[EventType "swiss"]
[EventCountry "NED"]
[SourceTitle "playchess.com"]
[Source "ChessBase"]
[SourceQuality "1"]
[TimeControl "40/5400+30:1800+30"]

1. d4 Nf6 2. c4 c5 3. d5 b5 4. cxb5 a6 5. b6 Qxb6 6. Nc3 g6 7. e4 d6 8. Nf3 Bg7 9. Be2 Bg4 10. Nd2 Bxe2 {[%emt 0:00:32] LiveBook: 4 Games} 11. Qxe2 Nbd7 12. Nc4 Qd8 13. O-O O-O $14 14. Rb1 Nb6 15. Ne3 Ne8 16. g4 Nc7 17. Bd2 Nb5 18. Nxb5 axb5 19. Qxb5 Rxa2 20. Ba5 Qa8 21. Bxb6 Rb8 22. Nc4 Ra4 23. b4 Bd4 24. Qc6 Qa6 25. Ba5 Qb5 26. Nb6 Qe2 27. Qxa4 1/2-1/2

[Event "22nd Hoogeveen Open 2018"]
[Site "Hoogeveen"]
[Date "2018.10.23"]
[Round "5"]
[White "Van Dorp, Folke"]
[Black "Konings, Frans"]
[Result "0-1"]
[ECO "B23"]
[WhiteElo "2097"]
[BlackElo "2195"]
[Annotator "NA"]
[PlyCount "100"]
[EventDate "2018.10.20"]
[EventType "swiss"]
[EventCountry "NED"]
[SourceTitle "playchess.com"]
[Source "ChessBase"]
[SourceQuality "1"]
[TimeControl "40/5400+30:1800+30"]

1. e4 c5 2. Nc3 a6 3. g3 b5 4. Bg2 Bb7 5. Nh3 e6 6. d3 Nf6 {[%emt 0:03:35] B23: Closed Sicilian: Lines without g3} (6... b4 7. Ne2 d5 8. e5 Nc6 9. f4 Nh6 10. Nf2 Nf5 11. O-O Qb6 12. c3 Be7 13. g4 Nh4 14. Bh1 {0-1 (35) Yu,Y (2738)-Khismatullin,D (2639) Moscow 2017}) 7. O-O b4 8. Ne2 d5 9. e5 {[%emt 0:06:29] LiveBook: 5 Games} Ng4 10. Nef4 $146 ({Predecessor:} 10. d4 Nc6 11. c3 Qb6 12. Nef4 Nh6 13. Ng5 O-O-O 14. dxc5 Bxc5 15. cxb4 Bxb4 {0-1 (24) Oliveros,C (2074)-Cardoso Cardoso,J (2309) Buenaventura 2018}) 10... Nxe5 11. Qh5 Qf6 12. Re1 Nbd7 13. Nxd5 Bxd5 14. Bxd5 exd5 15. f4 Qg6 16. Qf3 Qe6 17. fxe5 $17 Nxe5 18. Rxe5 Qxe5 19. Bf4 Qd4+ 20. Be3 Qf6 21. Qxd5 Rd8 22. Qg2 Be7 23. Rf1 Qe6 24. Bd2 O-O 25. b3 Bf6 26. Kh1 Qd5 27. Nf4 Qxg2+ 28. Kxg2 Bg5 29. Be3 Be7 30. h4 Bd6 31. Rf3 Rfe8 32. Nh3 g6 33. g4 Re5 34. g5 Rf5 35. Nf2 Rxf3 36. Kxf3 Be7 37. Ne4 Rd5 38. Bf4 Kf8 39. Nd2 Bd6 40. Be3 Ke8 41. Ne4 Be7 42. Nd2 Kd7 43. Nc4 Ke6 44. Bf4 f6 45. Ne3 Rd8 46. Nc4 fxg5 47. hxg5 Kd5 48. Ne5 Rf8 49. Nd7 Rf7 50. Nb6+ Kd4 0-1

[Event "22nd Hoogeveen Open 2018"]
[Site "Hoogeveen"]
[Date "2018.10.23"]
[Round "5"]
[White "Mijnheer, Peter"]
[Black "Winkels, Marcel"]
[Result "1-0"]
[ECO "B84"]
[WhiteElo "2092"]
[BlackElo "1935"]
[Annotator "NA"]
[PlyCount "99"]
[EventDate "2018.10.20"]
[EventType "swiss"]
[EventCountry "NED"]
[SourceTitle "playchess.com"]
[Source "ChessBase"]
[SourceQuality "1"]
[TimeControl "40/5400+30:1800+30"]

1. e4 c5 2. Nf3 d6 3. d4 cxd4 4. Nxd4 Nf6 5. Nc3 a6 6. Be2 e6 7. O-O Be7 8. Kh1 $11 {[%emt 0:01:56] LiveBook: 43 Games} O-O 9. f4 Qc7 10. Qe1 b5 11. Bf3 Bb7 12. a3 Nbd7 13. g4 Nb6 14. g5 Nfd7 15. Bg2 Rfe8 16. Qg3 g6 17. Qh4 Bf8 18. Nde2 Rac8 19. Be3 Nc4 20. Bd4 Nc5 21. Rf3 e5 22. fxe5 dxe5 23. Bxc5 Bxc5 24. Raf1 Re7 25. Qh6 f5 26. gxf6 Rf7 27. Rd3 Rcf8 28. Ng3 Rxf6 29. Rxf6 Rxf6 30. Nd5 Bxd5 31. exd5 Nd6 32. Bh3 Nf7 33. Qc1 Kg7 34. Ne4 Rf4 35. Bg2 Bd6 36. b3 Qe7 37. a4 Ng5 38. Nxd6 Qxd6 39. axb5 axb5 40. c4 bxc4 41. bxc4 e4 42. c5 Qf6 43. Rd1 Rf2 44. Qe3 Rc2 45. c6 Qe5 46. Qg3 Qf6 47. Rf1 Qd8 48. Qe5+ Kg8 49. d6 Rxc6 50. Qd5+ 1-0

[Event "22nd Hoogeveen Open 2018"]
[Site "Hoogeveen"]
[Date "2018.10.23"]
[Round "5"]
[White "Biermann, Florian"]
[Black "Van Foreest, Machteld"]
[Result "1/2-1/2"]
[ECO "A26"]
[WhiteElo "2024"]
[BlackElo "1934"]
[Annotator "NA"]
[PlyCount "80"]
[EventDate "2018.10.20"]
[EventType "swiss"]
[EventCountry "NED"]
[SourceTitle "playchess.com"]
[Source "ChessBase"]
[SourceQuality "1"]
[TimeControl "40/5400+30:1800+30"]

1. c4 e5 2. g3 Nc6 3. Bg2 f5 4. Nc3 Nf6 5. d3 g6 6. e4 d6 7. Nge2 Bg7 8. O-O O-O 9. Nd5 h6 10. h3 Be6 11. Be3 Qd7 {[%emt 0:02:39] LiveBook: 5 Games} 12. exf5 $11 Bxf5 13. g4 Be6 14. Qd2 Kh7 15. Rac1 a5 16. d4 exd4 17. Nxd4 Bg8 18. b3 a4 19. b4 Ne5 20. Qe2 Rab8 21. f4 Nc6 22. Qd2 Rfe8 23. f5 g5 24. Nxc6 bxc6 25. Nxf6+ Bxf6 26. Bd4 Qg7 27. Bxf6 Qxf6 28. Bxc6 Re5 29. Bxa4 d5 30. Bb3 Rbe8 31. cxd5 Re3 32. Rxc7+ Kh8 33. Qc1 Qd4 34. Rc4 Rg3+ 35. Kh2 Re2+ 36. Kxg3 Qe5+ 37. Rcf4 gxf4+ 38. Qxf4 Qc3+ 39. Kh4 Qf6+ 40. Kg3 Qc3+ 1/2-1/2

[Event "22nd Hoogeveen Open 2018"]
[Site "Hoogeveen"]
[Date "2018.10.23"]
[Round "5"]
[White "Van Randtwijk, Mick"]
[Black "Li, Henry"]
[Result "0-1"]
[ECO "C77"]
[WhiteElo "1979"]
[BlackElo "2207"]
[Annotator "NA"]
[PlyCount "88"]
[EventDate "2018.10.20"]
[EventType "swiss"]
[EventCountry "NED"]
[SourceTitle "playchess.com"]
[Source "ChessBase"]
[SourceQuality "1"]
[TimeControl "40/5400+30:1800+30"]

1. e4 e5 2. Nf3 Nc6 3. Bb5 a6 4. Ba4 Nf6 5. d3 d6 6. c4 g6 7. Nc3 Bg7 8. Nd5 {[%emt 0:00:25] LiveBook: 23 Games C77: Ruy Lopez: 3...a6 4 Ba4 Nf6, unusual lines} O-O 9. Bg5 Bg4 $146 ({Predecessor:} 9... Nb8 10. d4 c6 11. dxe5 dxe5 12. Nxf6+ Bxf6 13. Qxd8 Bxd8 14. Bxd8 Rxd8 15. Nxe5 Re8 {1-0 (63) Tiviakov,S (2583)-Ernst,S (2546) Amsterdam 2018}) 10. h3 $1 Bxf3 $2 (10... Be6 $14) 11. Qxf3 Nd4 12. Qxf6 Qb8 13. Qe7 b5 14. Bb3 bxc4 15. dxc4 f6 16. Qxc7 fxg5 17. O-O a5 18. Qe7 a4 19. Bd1 h6 20. Qd7 Rf7 21. Qg4 Qxb2 22. Bf3 Kh7 23. Rfb1 Qa3 24. Bd1 Qc5 25. Rb4 Raf8 26. Bxa4 Rxf2 27. Rb7 Nc2 28. Bxc2 R2f7+ 29. Kh2 Rxb7 30. Bb3 Rbf7 31. Qe2 Rf2 32. Qe1 $19 (32. Qe3 $142) 32... Qd4 33. Rd1 Qb2 34. Ne3 Re2 35. Qg3 Rff2 36. Rg1 Qd4 37. Ng4 Rf4 38. Rd1 Qxe4 39. Rxd6 h5 40. c5 hxg4 41. c6 Rff2 42. Bg8+ Kxg8 43. Qb3+ Kh7 44. c7 Qxg2# 0-1

[Event "22nd Hoogeveen Open 2018"]
[Site "Hoogeveen"]
[Date "2018.10.23"]
[Round "5"]
[White "Maters, Arthur"]
[Black "Jelic, Bruno"]
[Result "1-0"]
[ECO "B07"]
[WhiteElo "1933"]
[BlackElo "2076"]
[Annotator "NA"]
[PlyCount "111"]
[EventDate "2018.10.20"]
[EventType "swiss"]
[EventCountry "NED"]
[SourceTitle "playchess.com"]
[Source "ChessBase"]
[SourceQuality "1"]
[TimeControl "40/5400+30:1800+30"]

1. e4 g6 2. d4 Bg7 3. Nc3 d6 4. Bc4 Nf6 5. Qe2 {[%emt 0:00:02] LiveBook: 153 Games} c6 6. e5 dxe5 7. dxe5 Nd5 $1 8. Bd2 O-O {[%emt 0:03:26] B07: Pirc Defence: Miscellaneous Systems} (8... Nd7 9. Nxd5 cxd5 10. Bxd5 Nxe5 11. Bb3 a5 12. Ba4+ Nc6 13. c3 O-O 14. Nf3 Bf5 15. Bg5 Bd3 16. Qe3 {0-1 (30) Toma,K (2280)-Vovk,Y (2600) Fagernes 2018}) 9. f4 Be6 10. Nf3 Nxc3 11. Bxc3 Bxc4 12. Qxc4 Qd5 13. Qe2 c5 $146 ({Predecessor:} 13... Rd8 14. O-O Qc5+ 15. Kh1 e6 16. Ng5 {1-0 (42) Eiber,M (2339)-Sternheimer,E Fuerth 1999}) 14. O-O e6 15. Rfd1 Qc6 16. Ng5 Na6 17. Ne4 Rad8 18. Rf1 Nc7 19. g4 Nd5 20. g5 Nxc3 21. bxc3 Rd5 22. Rf3 Rfd8 23. Rh3 c4 24. Re1 b5 25. Qg4 Qd7 26. Kf2 $11 (26. Qh4 $14 Kf8 27. Qxh7) 26... Rd1 27. Re2 Rc1 28. Nd6 Qc6 29. Rhe3 Qh1 30. Qg2 Qd1 31. Kg3 a6 32. Qb7 Qg1+ 33. Kh4 Rf1 34. Qxf7+ Kh8 35. Rg3 Qb6 36. Ne8 Rxf4+ 37. Qxf4 Rxe8 38. Qe3 Qd8 39. Rd2 Qe7 40. Kh3 Rf8 41. Rf3 Rc8 42. Rdf2 Qc7 43. Rf7 Qb8 44. Rd7 Qxe5 45. Qxe5 Bxe5 46. Rff7 Bxc3 47. Rxh7+ Kg8 48. Rhe7 e5 49. Rg7+ Kf8 50. Rxg6 e4 51. Re6 Re8 52. Rdd6 Rxe6 53. Rxe6 Bd2 54. Rxe4 Bxg5 55. Re6 a5 56. Re5 1-0

[Event "22nd Hoogeveen Open 2018"]
[Site "Hoogeveen"]
[Date "2018.10.23"]
[Round "5"]
[White "Shakhverdian, William"]
[Black "Vroombout, Enrico"]
[Result "0-1"]
[ECO "A59"]
[WhiteElo "1903"]
[BlackElo "2132"]
[Annotator "NA"]
[PlyCount "148"]
[EventDate "2018.10.20"]
[EventType "swiss"]
[EventCountry "NED"]
[SourceTitle "playchess.com"]
[Source "ChessBase"]
[SourceQuality "1"]
[TimeControl "40/5400+30:1800+30"]

1. d4 Nf6 2. c4 c5 3. d5 b5 4. cxb5 a6 5. bxa6 g6 6. Nc3 Bxa6 7. e4 Bxf1 8. Kxf1 d6 9. g3 Bg7 10. Kg2 Nbd7 11. Nf3 O-O 12. a4 Ra6 13. Qe2 Qa8 {[%emt 0:00:30] LiveBook: 3 Games} 14. Ra2 $14 Rb8 15. Nd2 Ne8 16. Nc4 Nb6 17. Nxb6 Rbxb6 18. Be3 Rb4 19. Qc2 Nf6 20. Bd2 Ng4 21. b3 c4 22. bxc4 Qa7 23. Nd1 Rbxa4 24. Rxa4 Rxa4 25. Be3 Qa6 26. h3 Rxc4 27. Qe2 Nf6 28. Nb2 Ra4 29. Qxa6 Rxa6 30. Rc1 h5 31. Rc8+ Kh7 32. Rc7 Nxe4 33. Rxe7 Bxb2 34. Rxe4 Ra5 35. Rb4 Be5 36. f4 Bf6 37. Bd4 Kg7 38. Bxf6+ Kxf6 39. Rd4 Ra2+ 40. Kf3 Ra3+ 41. Kf2 h4 42. gxh4 Rxh3 43. Ra4 Kf5 44. Ra7 f6 45. Rd7 Rxh4 46. Rxd6 Rxf4+ 47. Ke3 Ke5 48. Rd8 Re4+ 49. Kf3 Rd4 50. Rg8 g5 51. Re8+ Kxd5 52. Ke3 Ra4 53. Kf3 f5 54. Kg3 Ra3+ 55. Kf2 Ra2+ 56. Kf3 Ra3+ 57. Kf2 Ra6 58. Kf3 Re6 59. Rg8 g4+ 60. Kf4 Rf6 61. Re8 Rf7 62. Re1 Kd4 63. Rd1+ Kc3 64. Rd8 Kc2 65. Rd5 Rg7 66. Kg3 f4+ 67. Kxf4 g3 68. Rc5+ Kd2 69. Rd5+ Ke2 70. Re5+ Kf2 71. Ra5 g2 72. Ra2+ Kg1 73. Ra1+ Kh2 74. Ra2 Kh1 0-1

[Event "22nd Hoogeveen Open 2018"]
[Site "Hoogeveen"]
[Date "2018.10.23"]
[Round "5"]
[White "Bleeker, Kasper"]
[Black "De Vries, Emma"]
[Result "0-1"]
[ECO "C03"]
[WhiteElo "1891"]
[BlackElo "1905"]
[Annotator "NA"]
[PlyCount "70"]
[EventDate "2018.10.20"]
[EventType "swiss"]
[EventCountry "NED"]
[SourceTitle "playchess.com"]
[Source "ChessBase"]
[SourceQuality "1"]
[TimeControl "40/5400+30:1800+30"]

1. e4 e6 2. d4 d5 3. Bd3 c5 4. exd5 exd5 5. Nf3 Nf6 6. O-O Be7 7. dxc5 Bxc5 8. Nbd2 O-O {[%emt 0:01:11] LiveBook: 40 Games} 9. Nb3 Bd6 10. h3 Nc6 11. Bg5 h6 12. Bh4 $11 Nb4 13. Nbd4 Nxd3 14. Qxd3 Bd7 15. Rae1 Be7 16. Re5 Bc6 17. Rfe1 Bd6 18. Rf5 Be7 19. Ne5 Qc7 20. Ng4 Nxg4 21. Bxe7 Qh2+ 22. Kf1 Rae8 23. Qa3 g6 24. Rf3 Ne5 25. Rg3 Nc4 26. Qb4 a5 27. Qc5 b6 28. Qxc6 Qh1+ 29. Ke2 Rxe7+ 30. Kd3 Qxe1 31. Rxg6+ fxg6 32. Qxd5+ Kg7 33. Kxc4 Qe4 34. Qd6 Rff7 35. Kb3 Qe5 0-1

[Event "22nd Hoogeveen Open 2018"]
[Site "Hoogeveen"]
[Date "2018.10.23"]
[Round "5"]
[White "Kutchoukov, Daniel"]
[Black "Hoffman, Ron"]
[Result "1/2-1/2"]
[ECO "B00"]
[WhiteElo "1882"]
[BlackElo "2060"]
[Annotator "NA"]
[PlyCount "82"]
[EventDate "2018.10.20"]
[EventType "swiss"]
[EventCountry "NED"]
[SourceTitle "playchess.com"]
[Source "ChessBase"]
[SourceQuality "1"]
[TimeControl "40/5400+30:1800+30"]

1. e4 Nc6 2. Nf3 d6 3. d4 Nf6 4. d5 Nb8 5. Bd3 g6 6. c4 Bg7 7. Nc3 O-O {[%emt 0:00:29] LiveBook: 4 Games} 8. h3 a5 9. Be3 Na6 10. O-O $14 Nc5 11. Bxc5 dxc5 12. e5 Ne8 13. Qe2 e6 14. Rad1 Qe7 15. Rfe1 b6 16. Nd2 Bb7 17. f4 Qh4 18. Qe3 Bh6 19. g3 Qe7 20. Nf3 Rd8 21. Be4 Ba8 22. g4 Bg7 23. Kf2 f6 24. dxe6 Rxd1 25. Rxd1 Bxe4 26. Qxe4 fxe5 27. Nxe5 Qxe6 28. Nd3 Qxe4 29. Nxe4 Nf6 30. Ng5 Rd8 31. Ne6 Rd7 32. Nxg7 Kxg7 33. Ke2 Rd4 34. b3 Ne4 35. Rc1 Kf6 36. Rc2 h5 37. Ke3 Nd6 38. Ne5 g5 39. Nd3 hxg4 40. hxg4 Re4+ 41. Kf3 Rd4 {[%emt 0:03:48] Ke4 [%emt 00:24:58] Ke5+ [%emt 00:00:01]} 1/2-1/2

[Event "22nd Hoogeveen Open 2018"]
[Site "Hoogeveen"]
[Date "2018.10.23"]
[Round "5"]
[White "Husers, Yannic"]
[Black "Biermann, Lenhard"]
[Result "0-1"]
[ECO "C03"]
[WhiteElo "1866"]
[BlackElo "2153"]
[Annotator "NA"]
[PlyCount "58"]
[EventDate "2018.10.20"]
[EventType "swiss"]
[EventCountry "NED"]
[SourceTitle "playchess.com"]
[Source "ChessBase"]
[SourceQuality "1"]
[TimeControl "40/5400+30:1800+30"]

1. e4 e6 2. d4 d5 3. Nd2 h6 4. Bd3 c5 5. c3 cxd4 6. cxd4 dxe4 7. Nxe4 Bb4+ 8. Nc3 Nc6 9. Nge2 Nf6 10. O-O O-O 11. a3 Be7 12. b4 b6 13. Ra2 Nd5 (13... Bb7 $15) 14. Ne4 Bb7 15. Bb1 $15 f5 16. N4g3 Nc7 17. Qd3 Qd5 18. Rd2 Nxb4 19. Nf4 Nxd3 20. Nxd5 Nxd5 21. Bxd3 Nf4 22. Bc4 Nxg2 23. Bxe6+ Kh8 24. Nxf5 Bg5 25. Rdd1 Bxc1 26. Rxc1 Nf4 27. d5 Nxe6 28. Ne7 Nf4 29. Rc7 Bxd5 0-1

[Event "22nd Hoogeveen Open 2018"]
[Site "Hoogeveen"]
[Date "2018.10.23"]
[Round "5"]
[White "Brands, Kevin"]
[Black "Verhoef, Pieter"]
[Result "1/2-1/2"]
[ECO "B90"]
[WhiteElo "1862"]
[BlackElo "2058"]
[Annotator "NA"]
[PlyCount "134"]
[EventDate "2018.10.20"]
[EventType "swiss"]
[EventCountry "NED"]
[SourceTitle "playchess.com"]
[Source "ChessBase"]
[SourceQuality "1"]
[TimeControl "40/5400+30:1800+30"]

1. e4 c5 2. Nf3 d6 3. d4 cxd4 4. Nxd4 Nf6 5. Nc3 a6 6. Be3 e5 7. Nb3 Be6 8. f3 Be7 9. Qd2 h5 10. Nd5 Nxd5 11. exd5 Bf5 12. c4 Nd7 13. Bd3 Bxd3 14. Qxd3 Bh4+ 15. Bf2 Bxf2+ 16. Kxf2 Rc8 17. Rac1 Qh4+ 18. g3 Qf6 $11 19. Nd2 Nc5 20. Qe3 a5 21. Ne4 Nxe4+ 22. Qxe4 O-O 23. Rhg1 Qe7 24. b3 f5 25. Qh4 Qxh4 26. gxh4 Kf7 27. Ke3 g6 28. f4 Rfe8 29. Rce1 a4 30. fxe5 Rxe5+ 31. Kf2 Kf6 32. Rxe5 dxe5 33. Rc1 e4 34. c5 Ke5 35. d6 axb3 36. axb3 Ra8 37. Rd1 Ke6 38. Rd2 Kd7 39. b4 Ra3 40. Rc2 Rb3 41. Rc4 Ra3 42. b5 Ra8 43. Ke3 b6 44. cxb6 Kxd6 45. Rc6+ Ke5 46. Rc5+ Kd6 47. Rc6+ Kd5 48. Rxg6 Ke5 49. b7 f4+ 50. Ke2 Rf8 51. Rg5+ Kd4 52. Rf5 f3+ 53. Kf2 e3+ 54. Kf1 e2+ 55. Kf2 Re8 56. Ke1 Ke3 57. Rf7 Rd8 58. Re7+ Kd3 59. Rf7 Ke3 60. Re7+ Kf4 61. Rd7 Rg8 62. Rf7+ Ke3 63. Re7+ Kd3 64. Kf2 Rf8 65. Rd7+ Kc4 66. Re7 Kd3 67. Rd7+ Ke4 1/2-1/2

[Event "22nd Hoogeveen Open 2018"]
[Site "Hoogeveen"]
[Date "2018.10.23"]
[Round "5"]
[White "Achuthan, Dylan"]
[Black "Emans, Job"]
[Result "0-1"]
[ECO "C14"]
[WhiteElo "1751"]
[BlackElo "1927"]
[Annotator "NA"]
[PlyCount "64"]
[EventDate "2018.10.20"]
[EventType "swiss"]
[EventCountry "NED"]
[SourceTitle "playchess.com"]
[Source "ChessBase"]
[SourceQuality "1"]
[TimeControl "40/5400+30:1800+30"]

1. e4 e6 2. d4 d5 3. Nc3 Nf6 4. Bg5 Be7 5. e5 Nfd7 6. h4 a6 7. Qg4 h5 8. Qg3 g6 {[%emt 0:00:58] LiveBook: 7 Games} 9. O-O-O c5 10. dxc5 Nxc5 11. Nh3 Nc6 12. f3 b5 13. Nf2 Qc7 14. Bxe7 $15 Qxe7 15. Nd3 Bb7 16. Be2 Rc8 17. Nf4 d4 18. Nb1 Nb4 19. Na3 Nxa2+ 20. Kb1 Nc3+ 21. Ka1 Nxd1 22. Rxd1 d3 23. Bxd3 Nxd3 24. Rxd3 Bd5 25. Rxd5 exd5 26. Nxd5 Qd8 27. Nf6+ Kf8 28. Qf4 Kg7 29. Ne4 Qe7 30. Qg3 b4 31. Nd6 Qd7 32. Nxc8 Rxc8 0-1

[Event "22nd Hoogeveen Open 2018"]
[Site "Hoogeveen"]
[Date "2018.10.23"]
[Round "5"]
[White "Boghossian, Wahe"]
[Black "Van de Pavoordt, Max"]
[Result "1/2-1/2"]
[ECO "C02"]
[WhiteElo "1748"]
[BlackElo "2034"]
[Annotator "NA"]
[PlyCount "89"]
[EventDate "2018.10.20"]
[EventType "swiss"]
[EventCountry "NED"]
[SourceTitle "playchess.com"]
[Source "ChessBase"]
[SourceQuality "1"]
[TimeControl "40/5400+30:1800+30"]

1. e4 e6 2. d4 d5 3. e5 c5 4. c3 Nc6 5. Nf3 Qb6 6. Na3 Bd7 7. Nc2 {[%emt 0:01:51] LiveBook: 14 Games} Rc8 $11 8. a3 cxd4 9. Ncxd4 Nxd4 10. Nxd4 Ne7 11. Qb3 Qxb3 12. Nxb3 Ba4 13. Nd4 Nc6 14. Nxc6 bxc6 15. Be3 Bb3 16. Bxa7 c5 17. a4 Ra8 18. Bb6 c4 19. a5 Kd7 20. Be2 Be7 21. Bd4 Ra6 22. O-O Rha8 23. f4 g6 24. g4 Rxa5 25. Rxa5 Rxa5 26. Bd1 Bxd1 27. Rxd1 Rb5 28. Rd2 Kc6 29. Kf2 Ra5 30. Ke2 Ra1 31. Rd1 Ra2 32. Rd2 Kb5 33. Kd1 Ka4 34. f5 gxf5 35. gxf5 Kb3 36. fxe6 fxe6 37. Rg2 Ra1+ 38. Kd2 h6 39. Rg6 Bg5+ 40. Ke2 Ra6 41. h4 Bxh4 42. Rxh6 Bg3 43. Kf3 Be1 44. Ke2 Bg3 45. Kf3 1/2-1/2

[Event "22nd Hoogeveen Open 2018"]
[Site "Hoogeveen"]
[Date "2018.10.24"]
[Round "6"]
[White "Colijn, Stefan"]
[Black "Elgersma, Simon"]
[Result "1-0"]
[ECO "A15"]
[WhiteElo "2340"]
[BlackElo "2237"]
[Annotator "NA"]
[PlyCount "51"]
[EventDate "2018.10.20"]
[EventType "swiss"]
[EventCountry "NED"]
[SourceTitle "playchess.com"]
[Source "ChessBase"]
[SourceQuality "1"]
[TimeControl "40/5400+30:1800+30"]

1. Nf3 Nf6 2. c4 g6 3. b3 Bg7 4. Bb2 d6 5. g3 e5 6. Bg2 O-O 7. O-O Re8 8. Nc3 Nc6 9. d3 {[%emt 0:05:27] LiveBook: 27 Games} Bd7 {[%emt 0:10:56] A15: Englisch gegen Königs-Fianchetto} (9... h6 10. Rc1 Be6 11. d4 e4 12. d5 exf3 13. exf3 Bf5 14. dxc6 bxc6 15. c5 d5 16. Ne2 h5 17. h4 {1-0 (68) Grischuk,A (2779)-Mamedov,R (2637) Khanty-Mansiysk 2013}) 10. h3 Qc8 $146 ({Vorgänger:} 10... Qe7 11. e3 a5 12. a3 Qd8 13. Kh2 e4 14. Ne1 exd3 15. Nxd3 Bf5 16. Nf4 h5 17. Qd2 {1-0 (39) Kan,I-Dus Chotimirsky,F Moscow (Russia) 1939}) 11. Kh2 Ne7 12. Rc1 Nf5 13. e4 Ne7 14. d4 Nc6 15. dxe5 dxe5 16. Re1 h5 17. Qd2 Nd4 18. Nxe5 h4 19. Nd5 hxg3+ 20. fxg3 c5 21. Nd3 Nxd5 22. cxd5 $18 ({Not} 22. exd5 Qc7 $16) 22... Bxh3 23. Rxc5 Qg4 24. Bxd4 Bxg2 25. Nf2 Qf3 26. Rc3 1-0

[Event "22nd Hoogeveen Open 2018"]
[Site "Hoogeveen"]
[Date "2018.10.24"]
[Round "6"]
[White "Bertholee, Rob"]
[Black "Giacomini, Hector"]
[Result "1/2-1/2"]
[ECO "D42"]
[WhiteElo "2334"]
[BlackElo "2178"]
[Annotator "NA"]
[PlyCount "79"]
[EventDate "2018.10.20"]
[EventType "swiss"]
[EventCountry "NED"]
[SourceTitle "playchess.com"]
[Source "ChessBase"]
[SourceQuality "1"]
[TimeControl "40/5400+30:1800+30"]

1. e4 c6 2. d4 d5 3. exd5 cxd5 4. c4 Nf6 5. Nc3 e6 6. Nf3 Be7 7. cxd5 Nxd5 8. Bd3 Nc6 9. O-O O-O 10. Re1 Bf6 11. Be4 Nce7 12. Qd3 h6 13. Ne5 Bd7 $146 {[%emt 0:00:22] D42: Queen's Gambit Declined: Semi-Tarrasch: 5 cxd5 Nxd5 6 e3 Nc6 7 Bd3} (13... Nxc3 14. Qxc3 Nf5 15. Be3 Rb8 16. Bf4 g5 17. Bxf5 gxf4 18. Be4 Bg7 19. Rad1 Bd7 20. Qf3 Bb5 21. Bxb7 Qg5 22. b3 {0-1 (61) Gelfand,B (2743)-Wang,Y (2720) Beijing 2014}) 14. Qg3 Bc6 15. Nxc6 bxc6 16. Bxh6 Qb6 17. Be3 Qxb2 18. Na4 Qa3 19. Nc5 Rfd8 20. Rad1 Nf5 21. Qf3 Nde7 22. Bxc6 Nxc6 23. Qxc6 Rac8 24. Qb7 Rb8 $11 25. Qc7 Rbc8 26. Qb7 Rb8 27. Qc7 Rbc8 28. Qf4 Qxa2 29. Ne4 Bxd4 30. Bxd4 Nxd4 31. Rxd4 Rxd4 32. Nf6+ gxf6 33. Qxd4 Rb8 34. Qxf6 Rb1 35. Qd8+ Kg7 36. Qg5+ Kf8 37. Qd8+ Kg7 38. Qg5+ Kf8 39. Qh6+ Kg8 40. Qg5+ 1/2-1/2